 Dungeon Crawl Stone Soup version 0.28-a0-687-gb91baff9cc (webtiles) character file.

Game seed: 15253567515753824499

70 Atlas the Covered (level 3, -6/31 HPs)
             Began as a Demigod Fighter on Oct 20, 2021.
             Mangled by Sigmund (8 damage)
             ... on level 3 of the Dungeon.
             The game lasted 00:01:52 (2397 turns).

Atlas the Covered (Demigod Fighter)                 Turns: 2397, Time: 00:01:53

Health: -6/31      AC:  8    Str: 21    XL:     3   Next: 76%
Magic:  5/5        EV:  9    Int: 16    God:
Gold:   71         SH:  0    Dex: 13    Spells: 2/2 levels left

rFire   . . .      SeeInvis .   a - +0 long sword
rCold   + . .      Faith    .   c - +0 buckler
rNeg    . . .      Spirit   .   b - +0 scale mail
rPois   .          Reflect  .   (no helmet)
rElec   .          Harm     .   (no cloak)
rCorr   .          Rampage  .   f - +0 pair of gloves
Will    .....                   (no boots)
Stlth   ..........              (no amulet)
HPRegen 0.10/turn               i - ring of protection from cold
MPRegen 0.09/turn               k - +6 ring of intelligence

@: confused, mighty
A: high mp 1, forlorn
a: no special abilities


You were on level 3 of the Dungeon.
You visited 1 branch of the dungeon, and saw 3 of its levels.

You collected 71 gold pieces.

Inventory:

Hand Weapons
 a - a +0 long sword (weapon)
Armour
 b - a +0 scale mail (worn)
 c - a +0 buckler (worn)
 f - a +0 pair of gloves (worn)
Jewellery
 i - a ring of protection from cold (left hand)
 k - a +6 ring of intelligence (right hand)
Scrolls
 e - a scroll of brand weapon {unknown}
 g - 3 scrolls of identify {unknown}
 h - a scroll of blinking {unknown}
 j - a scroll of noise {unknown}


   Skills:
 + Level 3.0 Fighting
 + Level 2.6 Long Blades
 + Level 3.2 Armour
 + Level 0.1 Dodging
 + Level 3.1 Shields


You had 2 spell levels left.
You didn't know any spells.
Your spell library was empty.

Dungeon Overview and Level Annotations

Branches:
Dungeon (3/15)

Annotations:
D:3 Sigmund


Innate Abilities, Weirdness & Mutations

Your attributes grow dramatically as you level up.
You have an increased reservoir of magic. (+10% MP)
You shall have no god before yourself.


Message History

Sigmund flickers and vanishes!
Deactivating autopickup; reactivate with Ctrl-A.
A magic dart appears from out of thin air!
The magic dart hits you.
A puff of flame appears from out of thin air!
The puff of flame hits you.
You feel very mighty all of a sudden.
You hear some strange, mumbled words.
Something tries to affect you, but you resist.
You hit something. Something hits you but does no damage.
You barely miss something. Something hits you!
You closely miss something. Something hits you!
* * * LOW HITPOINT WARNING * * *
You feel much better. Something hits you but does no damage.
You slash something!
You hear some strange, mumbled words.
You are confused.
You miss something.
You hear some strange, mumbled words.
A puff of flame appears from out of thin air!
The puff of flame hits you! Something completely misses you.
You bump into the rock wall.
You hear some strange, mumbled words.
A puff of flame appears from out of thin air!
The puff of flame hits you!
* * * LOW HITPOINT WARNING * * *
You closely miss something.
You feel less confused. Something hits you.
* * * LOW HITPOINT WARNING * * *
You closely miss something. You block something's attack.
You hit something.
You hear some strange, mumbled words.
You are confused.
You bump into the rock wall.
You hear some strange, mumbled words.
Something tries to affect you, but you resist.
You bump into the rock wall.
Something hits you!
You die...

...........#<#.#
...........###.#
..<............#
..........###### #.
.[#.....#
#########.....##
#.##(#.....# #####.#
.#......(...## #.#
............#
#.#####..........#
#...@.#..........#
########{#..........#
#........#....$.....#
#.########......{...#
#.# #.########## #.#
#.# #.# #.#
#.########.#
#.......{..#


There were no monsters in sight!

Vanquished Creatures
  2 adders (D:2)
  2 worms (D:2)
  A dart slug (D:1)
  5 ball pythons
  5 endoplasms
  A giant cockroach (D:1)
  A goblin (D:1)
  4 hobgoblins (D:1)
  3 jackals (D:2)
  A quokka (D:1)
  5 bats
  4 frilled lizards
  2 kobolds (D:1)
  7 rats
43 creatures vanquished.

Notes
Turn   | Place    | Note
-------+----------+-------------------------------------------
     0 | D:1      | Atlas the Demigod Fighter began the quest for the Orb.
     0 | D:1      | Reached XP level 1. HP: 18/18 MP: 3/3
   336 | D:1      | Reached XP level 2. HP: 25/25 MP: 4/4
  1349 | D:2      | Reached XP level 3. HP: 23/31 MP: 5/5
  2347 | D:3      | Noticed Sigmund
  2393 | D:3      | HP: 1/31 [something (4)]
  2397 | D:3      | Mangled by Sigmund

Illustrated notes

Levels and vault maps discovered:
D:1:      dpeg_arrival_radiant, layout_basic, ebering_ecumenical_altar_mist
D:2:      layout_basic
D:3:      layout_basic, nzn_hepliaklqana_mist_gate, uniq_natasha, uniq_sigmund

Skill      XL: |  1  2 |
---------------+-------+-----
Shields        | 3 |  3.1
Long Blades    | 2 |  2.6
Armour         | 3 |  3.2
Fighting       | 3 |  3.0
Dodging        | |  0.1

Action                   || total
-------------------------++-------
Melee: Long sword        ||   165
  Use: Potion            ||     3
Armor: Scale mail        ||    94
Dodge: Dodged            ||    78
Block: Buckler           ||    33

Table legend: (Time is in decaauts)
 A = Elapsed time spent in this place.
 B = Non-inter-level travel time spent in this place.
 C = Inter-level travel time spent in this place.
 D = Time resting spent in this place.
 E = Time spent auto-exploring this place.
 F = Levels seen in this place.
 G = Mean time per level.
                   A        B        C        D        E       F      G
               +--------+--------+--------+--------+--------+-----+--------+
         Total |   2447 |   2411 |     36 |      0 |   1979 |   3 |  815.7 |
       Dungeon |   2447 |   2411 |     36 |      0 |   1979 |   3 |  815.7 |
               +--------+--------+--------+--------+--------+-----+--------+

Top non-repeatable levels by time:
     D:1: 1279 daAuts
     D:2: 1034 daAuts
     D:3: 133 daAuts
